 Dungeon Crawl Stone Soup version 0.20-a0-16-g0876c8e (webtiles) character file.

154 Millan the Bolt Thrower (level 5, 0/30 HPs)
             Began as a Kobold Arcane Marksman on Nov 4, 2016.
             Was an Initiate of Dithmenos.
             Killed from afar by an orc wizard (12 damage)
             ... with a puff of flame
             ... on level 3 of the Dungeon.
             The game lasted 00:20:32 (3904 turns).

Millan the Bolt Thrower (Kobold Arcane Marksman)    Turns: 3904, Time: 00:20:32

Health: 0/30       AC:  4    Str:  8    XL:     5   Next: 62%
Magic:  7/7        EV: 16    Int: 14    God:    Dithmenos [......]
Gold:   78         SH:  0    Dex: 16    Spells: 2 memorised, 3 levels left

rFire  x . .     SeeInvis .     a - +0 hand crossbow
rCold  + . .     Gourm    .     e - +0 robe
rNeg   . . .     Faith    .     (shield restricted)
rPois  .         Spirit   .     v - +0 helmet
rElec  .         Reflect  .     b - +0 cloak
rCorr  .         Harm     .     (no gloves)
MR     .....                    (no boots)
Stlth  +.........               p - amulet of magic regeneration
                                (no ring)
                                C - ring of ice

@: no status effects
A: carnivore 3
a: Renounce Religion


You were on level 3 of the Dungeon.
You worshipped Dithmenos.
Dithmenos was noncommittal.
You were full.

You visited 1 branch of the dungeon, and saw 3 of its levels.

You collected 78 gold pieces.

Inventory:

Hand Weapons
 a - a +0 hand crossbow (weapon)
 o - a +0 dagger
 x - a +0 short sword
Missiles
 d - 12 bolts (quivered)
Armour
 b - a +0 cloak (worn)
 e - a +0 robe (worn)
 h - a +0 helmet
 u - a +0 ring mail
 v - a +0 helmet (worn)
 y - a +2 scale mail of fire resistance
Jewellery
 p - an amulet of magic regeneration (around neck)
 C - a ring of ice (left hand)
Wands
 t - a wand of polymorph (11/24)
Scrolls
 i - a scroll of amnesia {unknown}
 j - a scroll of enchant armour {unknown}
 k - a scroll of immolation {unknown}
 n - 2 scrolls of identify {unknown}
 q - a scroll of magic mapping {unknown}
 s - a scroll of noise {unknown}
 z - a scroll of teleportation {unknown}
 A - a scroll of remove curse {unknown}
 D - a scroll of enchant weapon {unknown}
Potions
 g - 2 potions of agility {unknown}
 l - a potion of invisibility {unknown}
 m - 2 potions of heal wounds {unknown}
 w - 2 potions of ambrosia {unknown}
 B - a potion of curing {unknown}
Books
 c - a book of Debilitation

   Spells                             Type                      Level
   a - Corona                         Hexes                        1
   b - Slow                           Hexes                        2
   c - Gell's Gravitas                Hexes/Translocation          3
   d - Inner Flame                    Hexes/Fire                   3
   e - Cause Fear                     Hexes                        4
   f - Leda's Liquefaction            Hexes/Earth                  4
Comestibles
 f - 2 meat rations
 r - 3 fruits


   Skills:
 + Level 1.8 Fighting
 + Level 0.3 Short Blades
 + Level 4.3 Crossbows
 + Level 0.5 Armour
 + Level 3.4 Dodging
 + Level 0.4 Unarmed Combat
 + Level 1.8 Spellcasting
 + Level 3.6 Hexes


You had 3 spell levels left.
You knew the following spells:

 Your Spells              Type           Power        Failure   Level  Hunger
a - Corona                Hex            ##.....      6%          1    ##.....
b - Gell's Gravitas       Hex/Tloc       #.........   38%         3    ####...


Dungeon Overview and Level Annotations

Branches:
Dungeon (3/15)

Altars:
Dithmenos
Gozag


Innate Abilities, Weirdness & Mutations

You are small and have problems with some larger weapons.
You are carnivorous and can eat meat at any time.


Message History

The orc wizard casts a spell.
The orc wizard seems to speed up.
An orc priest comes into view. It is wielding a flail.
The orc wizard mumbles some strange words.
The orc wizard seems to speed up.
The orc wizard casts a spell.
The orc wizard flickers and vanishes!
Deactivating autopickup; reactivate with Ctrl-A.
The orc wizard mumbles some strange words.
You see here 23 stones.
The orc priest calls upon Beogh to heal the orc wizard.
The orc wizard's wounds heal themselves!
The orc priest calls down the wrath of Beogh upon you.
Beogh smites you!
Ouch! That really hurt!
The orc wizard mumbles some strange words.
The orc wizard blinks!
A puff of flame appears from out of thin air!
The puff of flame hits you! The fire burns you terribly!
You die...

#.....# #.##.# #
##.....###.##.##.#
#.......##.......#
#.......#####.####
#.##.##.#.....#
#.##.........##
#.#####.#.##.#
#.#####.#>##.#
#.......#@##.#
##....{...##.#
#.#..)......#
#.#.###.#o#########
#.......#ยง##
###.####..o# #o(.#
#...# #..K#


You could see an orc.

Vanquished Creatures
  Ijyb (D:2)
  Terence (D:2)
  An adder (D:2)
  4 gnolls
  An ooze (D:2)
  A dart slug (D:1)
  3 leopard geckos (D:1)
  An orc (D:3)
  5 bats
  6 giant cockroaches
  6 goblins
  6 hobgoblins
  3 frilled lizards
  A kobold (D:1)
  6 rats
46 creatures vanquished.

Notes
Turn   | Place    | Note
-------+----------+-------------------------------------------
     0 | D:1      | Millan the Kobold Arcane Marksman began the quest for the Orb.
     0 | D:1      | Reached XP level 1. HP: 12/12 MP: 2/2
   131 | D:1      | Reached XP level 2. HP: 16/16 MP: 1/3
   650 | D:1      | Reached XP level 3. HP: 19/20 MP: 4/4
   676 | D:1      | Reached skill level 3 in Crossbows
  1567 | D:2      | Found a shadowy altar of Dithmenos.
  1567 | D:2      | Found a faded altar of an unknown god.
  1576 | D:2      | Found an opulent altar of Gozag.
  1581 | D:2      | Found a faded altar of an unknown god.
  1583 | D:2      | Found a faded altar of an unknown god.
  1596 | D:2      | Became a worshipper of Dithmenos the Shadowed
  1756 | D:2      | Noticed Ijyb
  1801 | D:2      | Killed Ijyb
  1801 | D:2      | Reached XP level 4. HP: 19/25 MP: 6/6
  2276 | D:2      | Found a faded altar of an unknown god.
  2288 | D:2      | Noticed Terence
  2438 | D:2      | Reached skill level 4 in Crossbows
  2444 | D:2      | Killed Terence
  2444 | D:2      | Reached XP level 5. HP: 14/29 MP: 7/7
  3802 | D:2      | Learned a level 3 spell: Gell's Gravitas
  3904 | D:3      | Killed from afar by an orc wizard

Vault maps used:
D:1:      lemuel_arrival_river_ford
D:2:      chequers_temple_overflow_minitemple, ecumenical_altar_2, uniq_terence,
          uniq_iyjb
D:3:      lemuel_crystal_altar, first_bread, grunt_ministairs_7

Skill      XL: |  1  2  3  4 |
---------------+-------------+-----
Crossbows      | 3 4 |  4.3
Dodging        | 3 |  3.4
Fighting       | |  1.8
Short Blades   | |  0.3
Armour         | |  0.5
Unarmed Combat | |  0.4
Spellcasting   | |  1.8
Hexes          | |  3.6

Action                   |  1- 3 |  4- 6 || total
-------------------------+-------+-------++-------
Melee: Hand crossbow     |    35 |       ||    35
       Unarmed           |    17 |     2 ||    19
       Dagger            |    14 |     5 ||    19
       Short sword       |       |    79 ||    79
 Fire: Hand crossbow     |    68 |    15 ||    83
 Cast: Corona            |    15 |     4 ||    19
  Eat: Chunk             |    11 |     5 ||    16
Armor: Robe              |    23 |     2 ||    25
       Skin              |     8 |     1 ||     9
       Scale mail        |       |    38 ||    38
Dodge: Dodged            |    77 |    59 ||   136
